[Event "Titled Tuesday Blitz August 1 Early 2023"]
[White "Andreev, Konstantin"]
[Black "Tsyhanchuk, Stanislav"]
[WhiteFideId "24239305"]
[BlackFideId "13505130"]
[WhiteElo "2542"]
[BlackElo "2425"]
[Result "1-0"]
[Round "9"]
[TimeControl "180+1"]
[Date "2023.08.01"]
[WhiteClock "0:00:21"]
[BlackClock "0:00:03"]
[Board "100"]

1. e4 c5 2. Nf3 d6 3. d4 cxd4 4. Nxd4 Nf6 5. Nc3 a6 6. h4 e5 7. Nb3 Bg4 8. f3 Be6 9. f4 Bg4 10. Be2 h5 11. Be3 Nc6 12. Qd2 b5 13. Bxg4 Nxg4 14. f5 Be7 15. g3 Nf6 16. Qd3 Nb4 17. Qe2 d5 18. exd5 Rc8 19. a3 Nbxd5 20. O-O-O O-O 21. Nxd5 Nxd5 22. Kb1 Bxa3 23. Qf3 Qc7 24. Rh2 Nc3+ 25. Ka1 Nxd1 26. Qxd1 Rfd8 27. Qxh5 Bb4 28. f6 g6 29. Qg4 Qd7 30. Qxb4 Qd1+ 31. Ka2 Rxc2 32. Rxc2 Qxc2 33. Qe7 Qc8 34. h5 gxh5 35. Qxe5 Kf8 36. Bc5+ Kg8 37. Qg5+ Kh7 38. Qg7# 1-0


[Site "https://www.chess.com"]

[Event "Titled Tuesday Blitz August 1 Early 2023"]
[White "Fiorito, Francisco"]
[Black "Al Mukhaini, Shima"]
[WhiteFideId "180165"]
[BlackFideId "22005854"]
[WhiteElo "2532"]
[BlackElo "2423"]
[Result "1-0"]
[Round "9"]
[TimeControl "180+1"]
[Date "2023.08.01"]
[WhiteClock "0:02:02"]
[BlackClock "0:02:20"]
[Board "101"]

1. e4 e6 2. d4 c5 3. c3 d5 4. e5 Nc6 5. Nf3 Qb6 6. a3 a5 7. Be2 Bd7 8. O-O cxd4 9. cxd4 Nge7 10. Nc3 Nf5 11. Nb5 Nxe5 12. dxe5 Bxb5 13. Qb3 Bc5 14. Qxb5+ Qxb5 15. Bxb5+ Ke7 16. Bd2 Rhc8 17. Rac1 b6 18. b4 axb4 19. axb4 Bd4 20. g4 1-0


[Site "https://www.chess.com"]

[Event "Titled Tuesday Blitz August 1 Early 2023"]
[White "Castella Garcia, Fausto"]
[Black "Toropov, Pavel"]
[WhiteFideId "3501922"]
[BlackFideId "24129178"]
[WhiteElo "2415"]
[BlackElo "2530"]
[Result "0-1"]
[Round "9"]
[TimeControl "180+1"]
[Date "2023.08.01"]
[WhiteClock "0:00:02"]
[BlackClock "0:00:05"]
[Board "102"]

1. e4 e6 2. Nf3 d5 3. e5 c5 4. b4 cxb4 5. d4 Nc6 6. a3 Bd7 7. axb4 Bxb4+ 8. c3 Be7 9. Bd3 h5 10. h4 Nh6 11. Ba3 Rc8 12. Bxe7 Qxe7 13. O-O a6 14. Nbd2 Na7 15. c4 Bc6 16. cxd5 Bxd5 17. Ne4 Bxe4 18. Bxe4 Nb5 19. Rc1 O-O 20. Rxc8 Rxc8 21. Ng5 Rd8 22. Qxh5 Nxd4 23. Nh7 Ndf5 24. Bxf5 exf5 25. Nf6+ gxf6 26. Qxh6 fxe5 27. Rc1 a5 28. Rc5 b6 29. Rxe5 Qxe5 30. Qg5+ Kh7 31. Qxd8 a4 32. Qd7 a3 33. Qxf7+ Kh6 34. Qf8+ Kg6 35. Qxa3 Qe1+ 36. Kh2 Qxf2 37. Qd6+ Kh5 38. Qe5 Qxh4+ 39. Kg1 Qe4 40. Qh8+ Kg5 41. Qg8+ Kf4 42. Qb8+ Kg4 43. Qxb6 Qe1+ 44. Kh2 Qg3+ 45. Kg1 Qe1+ 46. Kh2 Kg5 47. Qd4 Kg6 48. Qd6+ Kg5 49. Qd8+ Kh5 50. Qh8+ Kg6 51. Qg8+ Kh5 52. Qh8+ Kg5 53. Qg8+ Kf4 54. Qb8+ Kg4 55. Qg8+ Kh5 56. Qh7+ Kg5 57. Qg7+ Kf4 58. Qh6+ Ke5 59. Qf8 Qh4+ 60. Kg1 Qd4+ 61. Kf1 Kf4 62. Qb8+ Ke3 63. Qe8+ Kd3 64. Qf7 Qf4+ 65. Kg1 Ke2 66. Kh1 Kf2 67. Qb7 Qh4# 0-1


[Site "https://www.chess.com"]

[Event "Titled Tuesday Blitz August 1 Early 2023"]
[White "Dishman, Stephen"]
[Black "Womacka, Mathias"]
[WhiteFideId "403024"]
[BlackFideId "4611390"]
[WhiteElo "2412"]
[BlackElo "2529"]
[Result "0-1"]
[Round "9"]
[TimeControl "180+1"]
[Date "2023.08.01"]
[WhiteClock "0:00:13"]
[BlackClock "0:00:43"]
[Board "103"]

1. c4 c5 2. g3 Nf6 3. Bg2 d5 4. cxd5 Nxd5 5. Nc3 Nc7 6. Nf3 Nc6 7. O-O e5 8. d3 Be7 9. Nd2 Bd7 10. Nc4 f6 11. f4 b5 12. Ne3 exf4 13. gxf4 O-O 14. Ned5 Nd4 15. Nxe7+ Qxe7 16. Nd5 Nxd5 17. Bxd5+ Kh8 18. Bxa8 Rxa8 19. e3 Nf5 20. e4 Nd4 21. Be3 Bh3 22. Rf2 Rd8 23. Rc1 c4 24. dxc4 Qxe4 25. Bxd4 Rxd4 26. Qe1 Qg6+ 27. Kh1 bxc4 28. f5 Qh5 29. Qe2 Qxe2 30. Rxe2 h5 31. Rec2 Bxf5 32. Rxc4 Rd2 33. Rc5 Be4+ 34. Kg1 Rg2+ 35. Kf1 Rxh2 36. Rc8+ Kh7 37. R1c7 Rxb2 38. Rxa7 h4 39. Rcc7 h3 40. Rxg7+ Kh6 41. Rg4 h2 42. Rh4+ Kg5 43. Rxh2 Rxh2 44. Rg7+ Kf4 0-1


[Site "https://www.chess.com"]

[Event "Titled Tuesday Blitz August 1 Early 2023"]
[White "Ladan, Nicholas"]
[Black "Eynullayev, Altay"]
[WhiteFideId "30918855"]
[BlackFideId "13413562"]
[WhiteElo "2411"]
[BlackElo "2527"]
[Result "0-1"]
[Round "9"]
[TimeControl "180+1"]
[Date "2023.08.01"]
[WhiteClock "0:00:03"]
[BlackClock "0:00:11"]
[Board "104"]

1. d4 Nf6 2. Nf3 e6 3. Bf4 d5 4. e3 c5 5. Nbd2 Nc6 6. c3 cxd4 7. exd4 Nh5 8. Be3 Bd6 9. Bd3 Nf4 10. Bxf4 Bxf4 11. Qe2 O-O 12. O-O Bd7 13. g3 Bd6 14. Kg2 f6 15. Rae1 Qe7 16. h4 Rae8 17. Nh2 e5 18. Qh5 g6 19. Qh6 Qg7 20. Qxg7+ Kxg7 21. dxe5 Nxe5 22. Be2 h5 23. Nhf3 Ng4 24. Nd4 Re7 25. Bxg4 hxg4 26. Rxe7+ Bxe7 27. Rd1 Bc5 28. Nf1 f5 29. Nb3 Bb6 30. Ne3 Bc6 31. Nxd5 f4 32. c4 fxg3 33. Kxg3 Bxf2+ 34. Kg2 Bxh4 35. Rf1 Re8 36. Nd4 Re4 37. Nxc6 bxc6 38. Nc3 Rxc4 39. Rh1 Bf6 40. Rd1 Bxc3 41. bxc3 Rxc3 42. Rd7+ Kf6 43. Rxa7 Kg5 44. a4 g3 45. a5 Kg4 46. a6 Rc2+ 47. Kg1 g5 48. Rc7 c5 49. a7 Ra2 50. a8=Q Rxa8 51. Rxc5 Kh3 52. Rc1 Ra2 53. Kh1 Rh2+ 54. Kg1 Rg2+ 55. Kh1 Rf2 56. Kg1 Rf4 57. Rc8 Re4 58. Rh8+ Rh4 59. Ra8 g4 60. Ra2 Rh5 61. Ra1 Re5 62. Kh1 g2+ 63. Kg1 Re3 64. Rb1 Rf3 65. Ra1 Rf1+ 66. Rxf1 gxf1=Q+ 67. Kxf1 Kh2 68. Kf2 g3+ 69. Kf1 g2+ 70. Kf2 g1=Q+ 71. Kf3 Qg3+ 0-1


[Site "https://www.chess.com"]

[Event "Titled Tuesday Blitz August 1 Early 2023"]
[White "Sreyas Payyappat"]
[Black "Begunov, Konstantin"]
[WhiteFideId "46674969"]
[BlackFideId "4118510"]
[WhiteElo "2526"]
[BlackElo "2410"]
[Result "0-1"]
[Round "9"]
[TimeControl "180+1"]
[Date "2023.08.01"]
[WhiteClock "0:00:06"]
[BlackClock "0:00:07"]
[Board "105"]

1. e4 c5 2. Nf3 d6 3. d4 cxd4 4. Nxd4 Nf6 5. Nc3 a6 6. h4 b5 7. f3 e6 8. Be3 Bb7 9. g4 b4 10. Na4 d5 11. Nb3 Nbd7 12. Bg2 dxe4 13. g5 Nd5 14. Qd2 Ne5 15. fxe4 Nc4 16. exd5 Nxd2 17. Nxd2 Bxd5 18. Bxd5 Qxd5 19. O-O-O Rd8 20. Nb3 Qe4 21. Rxd8+ Kxd8 22. Rd1+ Ke8 23. Bb6 Be7 24. Nac5 Qxh4 25. Nxa6 Qxg5+ 26. Kb1 f6 27. Nd4 Kf7 28. Nc7 Qg4 29. Re1 e5 30. Nc6 Rc8 31. Nd5 Bd6 32. a3 Rxc6 0-1


[Site "https://www.chess.com"]

[Event "Titled Tuesday Blitz August 1 Early 2023"]
[White "Gombocz, Ferenc Jr."]
[Black "Ordekalog"]
[WhiteFideId "775029"]
[WhiteElo "2399"]
[BlackElo "2525"]
[Result "1/2-1/2"]
[Round "9"]
[TimeControl "180+1"]
[Date "2023.08.01"]
[WhiteClock "0:00:25"]
[BlackClock "0:00:32"]
[Board "106"]

1. d4 d5 2. Nf3 c5 3. Bf4 cxd4 4. Nxd4 Nc6 5. Nxc6 bxc6 6. e3 Nf6 7. c3 Qb6 8. Qb3 e6 9. Nd2 Be7 10. Bd3 Nd7 11. O-O e5 12. Bg3 e4 13. Be2 Nc5 14. Qxb6 axb6 15. c4 Bf6 16. cxd5 cxd5 17. Bb5+ Ke7 18. a4 Bxb2 19. Rab1 Bc3 20. Nb3 Nxa4 21. Rfc1 Bb4 22. Rc7+ Kf6 23. Ra1 Ba6 24. Bxa4 b5 25. Rc6+ Ke7 26. Rc7+ Kf6 27. Rc6+ Ke7 28. Rc7+ Kf6 1/2-1/2


[Site "https://www.chess.com"]

[Event "Titled Tuesday Blitz August 1 Early 2023"]
[White "Jaskolka, Tomasz"]
[Black "Eggleston, Thomas A"]
[WhiteFideId "1170791"]
[BlackFideId "412139"]
[WhiteElo "2524"]
[BlackElo "2390"]
[Result "1-0"]
[Round "9"]
[TimeControl "180+1"]
[Date "2023.08.01"]
[WhiteClock "0:00:08"]
[BlackClock "0:00:03"]
[Board "107"]

1. e4 e6 2. Nf3 d5 3. e5 c5 4. b4 d4 5. bxc5 Bxc5 6. d3 Nc6 7. Be2 Nge7 8. Nbd2 Ng6 9. Nc4 b5 10. Nd6+ Bxd6 11. exd6 Qxd6 12. a4 b4 13. O-O O-O 14. Ng5 f5 15. Bf3 h6 16. Nh3 Rb8 17. Bh5 e5 18. Bd2 Bb7 19. Re1 a5 20. f4 Nxf4 21. Nxf4 exf4 22. Qe2 g6 23. Bf3 g5 24. Qe6+ Qxe6 25. Rxe6 Rbc8 26. Rxh6 Kg7 27. Rh5 Kg6 28. h4 g4 29. Rg5+ Kf6 30. Bd5 Nd8 31. Bxb7 Nxb7 32. Bxf4 Rxc2 33. Re1 Rc5 34. h5 b3 35. Rg6+ Kf7 36. Rb6 Nd8 37. Bd6 Rc3 38. Bxf8 Kxf8 39. Rb8 Kf7 40. Rxd8 b2 41. Rb8 Rc1 42. Kf1 Rc2 43. Rb7+ Kf6 44. h6 f4 45. h7 f3 46. h8=Q+ Kf5 47. Qh5+ Kf4 48. Qh2+ Kf5 49. Qh7+ Kf4 50. Qf7+ Kg5 51. Rb5+ Kh4 52. Qh5+ Kg3 53. Qe5+ Kh4 54. Qh2# 1-0


[Site "https://www.chess.com"]

[Event "Titled Tuesday Blitz August 1 Early 2023"]
[White "Hrbek, Stepan"]
[Black "Malka, Samuel"]
[WhiteFideId "393479"]
[BlackFideId "20643675"]
[WhiteElo "2361"]
[BlackElo "2516"]
[Result "1-0"]
[Round "9"]
[TimeControl "180+1"]
[Date "2023.08.01"]
[WhiteClock "0:00:14"]
[BlackClock "0:00:22"]
[Board "108"]

1. e4 c5 2. Nf3 Nc6 3. d4 cxd4 4. Nxd4 Nf6 5. Nc3 e5 6. Ndb5 d6 7. Bg5 a6 8. Na3 b5 9. Nd5 Be7 10. Bxf6 Bxf6 11. c3 O-O 12. Nc2 Rb8 13. Be2 Bg5 14. O-O Ne7 15. Ncb4 Bb7 16. Nxe7+ Qxe7 17. Nd5 Bxd5 18. Qxd5 Rfd8 19. Rfb1 Qc7 20. a4 b4 21. Bxa6 bxc3 22. bxc3 Rxb1+ 23. Rxb1 Qxc3 24. Bc4 Bc1 25. g3 Ba3 26. Rb7 Qc1+ 27. Kg2 Qh6 28. Qxf7+ Kh8 29. a5 Bc5 30. a6 g6 31. a7 Bxa7 32. Rxa7 Rf8 33. Qe7 g5 34. Bd5 g4 35. Qxf8+ Qxf8 36. Ra8 Kg7 37. Rxf8 Kxf8 38. h3 h5 39. hxg4 hxg4 40. Be6 Kg7 41. Bxg4 Kf6 42. Be2 Ke6 43. Bc4+ Kf6 44. Bd5 Kg5 45. Kf3 Kf6 46. Kg4 Kg6 47. f4 Kf6 48. f5 Kg7 49. Kg5 Kf8 50. f6 Ke8 51. Kg6 Kf8 52. f7 Ke7 53. Kg7 Kd7 54. f8=Q Kc7 55. Qe7+ Kb8 56. Qxd6+ Kc8 57. Qe7 Kb8 58. Qb7# 1-0


[Site "https://www.chess.com"]

[Event "Titled Tuesday Blitz August 1 Early 2023"]
[White "Ljukin, Sergei"]
[Black "Martin, Lewis"]
[WhiteFideId "14102200"]
[BlackFideId "410551"]
[WhiteElo "2500"]
[BlackElo "2299"]
[Result "0-1"]
[Round "9"]
[TimeControl "180+1"]
[Date "2023.08.01"]
[WhiteClock "0:00:00"]
[BlackClock "0:00:33"]
[Board "109"]

1. e4 c5 2. Nf3 d6 3. d4 cxd4 4. Nxd4 Nf6 5. Nc3 a6 6. Bg5 e6 7. f4 b5 8. e5 dxe5 9. fxe5 Qc7 10. Qe2 Nfd7 11. O-O-O Nc6 12. Nxc6 Qxc6 13. Qh5 Bb7 14. Be2 Nxe5 15. Bf4 Ng6 16. Bg3 Be7 17. Nxb5 O-O 18. Nd6 Qxg2 19. Nxb7 Qxb7 20. Bf3 Qb6 21. Bxa8 Rxa8 22. Rd3 Bf6 23. Rb3 Qc6 24. Rf1 Rc8 25. Qe2 Ne7 26. Kb1 Nd5 27. a3 a5 28. Ka2 h6 29. c4 Qxc4 30. Qxc4 Rxc4 31. Rb5 Rc2 32. Rf2 Nc3+ 33. Kb3 Rxb2+ 34. Rxb2 Nxb5 35. Rc2 Nd4+ 0-1


[Site "https://www.chess.com"]

[Event "Titled Tuesday Blitz August 1 Early 2023"]
[White "Kaminski, Victor"]
[Black "Papayan, Oleg"]
[WhiteFideId "1131630"]
[BlackFideId "4193911"]
[WhiteElo "2355"]
[BlackElo "2497"]
[Result "0-1"]
[Round "9"]
[TimeControl "180+1"]
[Date "2023.08.01"]
[WhiteClock "0:00:00"]
[BlackClock "0:00:08"]
[Board "110"]

1. e4 d5 2. exd5 Qxd5 3. Nc3 Qa5 4. b4 Qxb4 5. Rb1 Qd6 6. Nf3 c6 7. Bc4 g6 8. O-O Bg7 9. d4 Nf6 10. Ne5 O-O 11. Bf4 Qd8 12. Qd2 Nbd7 13. Rfd1 Nb6 14. Bb3 Nfd5 15. Nxd5 Nxd5 16. Bh6 a5 17. Bxg7 Kxg7 18. c4 Nf6 19. Bc2 a4 20. Qb4 Qd6 21. c5 Qd5 22. Nc4 Qg5 23. Rd3 Nd5 24. Qe1 Bf5 25. Rg3 Qh5 26. Bd1 Qh4 27. Rxb7 Qxd4 28. Qe5+ Qxe5 29. Nxe5 Rfb8 30. Rxb8 Rxb8 31. Be2 Rb1+ 32. Bf1 Ra1 33. Ra3 Nf4 34. g4 Be4 35. f3 Bd5 36. Rxa4 Ne6 37. Nd3 Bxf3 38. Kf2 Bd5 39. Ra5 Rxa2+ 40. Ke3 Rxa5 0-1


[Site "https://www.chess.com"]

[Event "Titled Tuesday Blitz August 1 Early 2023"]
[White "ilya2700"]
[Black "Tokman, Ariel"]
[BlackFideId "117420"]
[WhiteElo "2088"]
[BlackElo "2496"]
[Result "0-1"]
[Round "9"]
[TimeControl "180+1"]
[Date "2023.08.01"]
[WhiteClock "0:01:17"]
[BlackClock "0:00:55"]
[Board "111"]

1. d4 e6 2. c4 d5 3. Nf3 Nf6 4. Nc3 c6 5. e3 Nbd7 6. Bd3 Bd6 7. O-O Qe7 8. e4 dxe4 9. Nxe4 Nxe4 10. Bxe4 Nf6 11. Bc2 h6 12. Re1 O-O 13. Qd3 b6 14. b3 Bb7 15. Bb2 Rfe8 16. d5 e5 17. Nxe5 Bxe5 18. Rxe5 Qxe5 19. Bxe5 Rxe5 20. d6 c5 21. h3 Rd8 22. Rd1 Re6 23. d7 Bc6 24. Qg3 Rxd7 25. Rxd7 Nxd7 26. Qc7 g6 27. Qxa7 Kg7 28. Qc7 h5 29. Qg3 Ne5 30. Qc3 Kg8 31. a3 Bb7 32. b4 Nc6 33. bxc5 bxc5 34. Qb2 Ba6 35. Qb6 Nd4 36. Qd8+ Kg7 37. Bd3 Re1+ 38. Kh2 Rd1 39. Be4 Nf3+ 40. Bxf3 Rxd8 41. Bd5 Rd7 42. Kg3 Bb7 0-1


[Site "https://www.chess.com"]

[Event "Titled Tuesday Blitz August 1 Early 2023"]
[White "Atakhan, Abtin"]
[Black "Bogaudinov, Rushan"]
[WhiteFideId "22502203"]
[BlackFideId "4129288"]
[WhiteElo "2759"]
[BlackElo "2428"]
[Result "1-0"]
[Round "9"]
[TimeControl "180+1"]
[Date "2023.08.01"]
[WhiteClock "0:00:57"]
[BlackClock "0:00:08"]
[Board "112"]

1. Nf3 d5 2. g3 g6 3. Bg2 Bg7 4. d4 Nf6 5. O-O O-O 6. c4 c6 7. Qb3 Qb6 8. Nc3 dxc4 9. Qxc4 Be6 10. Qa4 Qa6 11. Qc2 Nbd7 12. e4 Bg4 13. h3 Bxf3 14. Bxf3 e6 15. Be3 Rfd8 16. b4 Qa3 17. Rab1 Nb6 18. Be2 a5 19. Rb3 axb4 20. Rxa3 Rxa3 21. Nb1 Ra5 22. d5 Nbd7 23. dxc6 bxc6 24. Qxc6 Rxa2 25. Nd2 Nf8 26. Qc1 b3 27. Bd1 b2 28. Qc4 Ra1 29. Bc2 Rc1 30. Qb3 N6d7 31. Nc4 Rc8 32. Bxc1 bxc1=Q 33. Rxc1 Nc5 34. Qa2 Nfd7 35. Nd6 Rc6 36. Qa8+ Bf8 37. Qxc6 1-0


[Site "https://www.chess.com"]

[Event "Titled Tuesday Blitz August 1 Early 2023"]
[White "Skliarov, Viktor"]
[Black "Cheer_Down"]
[WhiteFideId "14106736"]
[WhiteElo "2644"]
[BlackElo "2414"]
[Result "1-0"]
[Round "9"]
[TimeControl "180+1"]
[Date "2023.08.01"]
[WhiteClock "0:01:14"]
[BlackClock "0:00:10"]
[Board "113"]

1. e4 c5 2. Nf3 d6 3. d4 cxd4 4. Qxd4 Nc6 5. Bb5 Bd7 6. Bxc6 Bxc6 7. Nc3 Nf6 8. Bg5 e6 9. O-O-O Be7 10. Rhe1 Qa5 11. Kb1 O-O 12. Qd2 h6 13. Bh4 b5 14. Nd5 Qd8 15. Nxe7+ Qxe7 16. Bxf6 Qxf6 17. Qxd6 Rac8 18. Qe5 Qg6 19. Nd4 a6 20. Rd3 Qf6 21. Qxf6 gxf6 22. Nxc6 Rxc6 23. Red1 Rfc8 24. c3 Rc4 25. Rd8+ Rxd8 26. Rxd8+ Kg7 27. f3 a5 28. Ra8 a4 29. Kc2 Rc5 30. Ra5 f5 31. b4 axb3+ 32. axb3 fxe4 33. fxe4 Rg5 34. g3 Kf6 35. Kd3 h5 36. Kd4 h4 37. gxh4 Rh5 38. c4 e5+ 39. Kd5 bxc4 40. bxc4 Rxh4 41. Ra6+ Ke7 42. Kxe5 Rxh2 43. Ra7+ Kd8 44. Rxf7 1-0


[Site "https://www.chess.com"]

[Event "Titled Tuesday Blitz August 1 Early 2023"]
[White "Bouget, Alexandre"]
[Black "Voege, Tobias"]
[WhiteFideId "681318"]
[BlackFideId "1270513"]
[WhiteElo "2409"]
[BlackElo "2635"]
[Result "1-0"]
[Round "9"]
[TimeControl "180+1"]
[Date "2023.08.01"]
[WhiteClock "0:00:41"]
[BlackClock "0:00:17"]
[Board "114"]

1. d4 Nf6 2. c4 g6 3. Nc3 Bg7 4. e4 O-O 5. Be2 d6 6. Nf3 e5 7. O-O Nc6 8. d5 Ne7 9. Ne1 a5 10. Be3 Nd7 11. f3 Nc5 12. Nd3 Nxd3 13. Bxd3 f5 14. c5 f4 15. Bf2 g5 16. Rc1 h5 17. cxd6 cxd6 18. Nb5 g4 19. Kh1 Ng6 20. Nc7 Rb8 21. Ne6 Bxe6 22. dxe6 g3 23. Bc4 Qe7 24. Bb6 gxh2 25. Bd5 Rbc8 26. Qb3 Kh7 27. Bxa5 Nh4 28. Rxc8 Rxc8 29. Be1 Rc1 30. Qb5 Nxg2 31. Kxg2 Qg5+ 32. Kxh2 Rc2+ 33. Rf2 Qg4 34. fxg4 1-0


[Site "https://www.chess.com"]

[Event "Titled Tuesday Blitz August 1 Early 2023"]
[White "Kvaloy, Aksel Bu"]
[Black "Rosenberg, Evan S"]
[WhiteFideId "1528815"]
[BlackFideId "2019299"]
[WhiteElo "2613"]
[BlackElo "2398"]
[Result "1-0"]
[Round "9"]
[TimeControl "180+1"]
[Date "2023.08.01"]
[WhiteClock "0:01:28"]
[BlackClock "0:00:06"]
[Board "115"]

1. e4 c5 2. Nf3 g6 3. d4 cxd4 4. Qxd4 Nf6 5. e5 Nc6 6. Qa4 Nd5 7. Qe4 Nc7 8. Nc3 Bg7 9. Bf4 O-O 10. O-O-O a6 11. h4 h5 12. g4 hxg4 13. Ng5 d6 14. exd6 exd6 15. Bxd6 Re8 16. Qf4 Ne6 17. Qxf7+ Kh8 18. Qxg6 Nxg5 19. hxg5+ Kg8 1-0


[Site "https://www.chess.com"]

[Event "Titled Tuesday Blitz August 1 Early 2023"]
[White "Rodriguez Fontecha, Marcos"]
[Black "Belov, Alexei"]
[WhiteFideId "2256576"]
[BlackFideId "4128206"]
[WhiteElo "2392"]
[BlackElo "2595"]
[Result "1-0"]
[Round "9"]
[TimeControl "180+1"]
[Date "2023.08.01"]
[WhiteClock "0:00:15"]
[BlackClock "0:00:38"]
[Board "116"]

1. e4 e6 2. d4 d5 3. Nc3 Nf6 4. Bg5 dxe4 5. Nxe4 Be7 6. Bxf6 Bxf6 7. Nf3 O-O 8. c3 Nd7 9. Bd3 e5 10. dxe5 Nxe5 11. Nxe5 Bxe5 12. Qe2 Re8 13. O-O-O Be6 14. Kb1 Qd5 15. Nf6+ Bxf6 16. Bxh7+ Kxh7 17. Rxd5 Bxd5 18. Qh5+ Kg8 19. Qxd5 c6 20. Qf5 Rad8 21. Qf3 Rd2 22. Rd1 Rde2 23. g3 a5 24. h4 a4 25. a3 R8e6 26. h5 b5 27. Rd3 Re1+ 28. Ka2 c5 29. Re3 R6xe3 30. fxe3 Rc1 31. h6 b4 32. axb4 cxb4 33. cxb4 Rc2 34. Qa8+ Kh7 35. Qe4+ Kxh6 36. Qxc2 1-0


[Site "https://www.chess.com"]

[Event "Titled Tuesday Blitz August 1 Early 2023"]
[White "Llanos, Guillermo"]
[Black "Vaibhav Jayant Raut"]
[WhiteFideId "100358"]
[BlackFideId "5089034"]
[WhiteElo "2385"]
[BlackElo "2579"]
[Result "0-1"]
[Round "9"]
[TimeControl "180+1"]
[Date "2023.08.01"]
[WhiteClock "0:00:00"]
[BlackClock "0:01:52"]
[Board "117"]

1. b3 Nf6 2. Bb2 d5 3. e3 Nc6 4. Nf3 Bg4 5. d4 e6 6. h3 Bh5 7. Bb5 a6 8. Bxc6+ bxc6 9. g4 Bg6 10. Ne5 c5 11. h4 h5 12. Nxg6 fxg6 13. Qd3 Kf7 14. g5 Nd7 15. Rh3 Qe8 16. e4 cxd4 17. Bxd4 Kg8 18. Nd2 Ba3 19. Re3 Qf7 20. exd5 exd5 21. Rb1 c5 22. Bb2 Bxb2 23. Rxb2 Kh7 24. c4 d4 25. Re2 Rhe8 26. Kd1 Rxe2 27. Qxe2 Re8 28. Ne4 Qf4 29. f3 Qxh4 30. Rd2 Qf4 31. Kc2 Ne5 32. Qe1 Nxf3 33. Nf6+ gxf6 34. Qxe8 Qxd2+ 35. Kb1 Qe1+ 36. Kb2 Qxe8 0-1


[Site "https://www.chess.com"]

[Event "Titled Tuesday Blitz August 1 Early 2023"]
[White "Nosacheva, Mariya"]
[Black "Shukhman, Anna"]
[WhiteFideId "34111422"]
[BlackFideId "54180058"]
[WhiteElo "2379"]
[BlackElo "2578"]
[Result "0-1"]
[Round "9"]
[TimeControl "180+1"]
[Date "2023.08.01"]
[WhiteClock "0:00:53"]
[BlackClock "0:02:41"]
[Board "118"]

1. e4 Nf6 2. e5 Nd5 3. d4 d6 4. c4 Nb6 5. f4 dxe5 6. fxe5 Bf5 7. Nc3 e6 8. Be3 Bb4 9. Nf3 c5 10. dxc5 Qxd1+ 11. Rxd1 Na4 12. Bd3 Nxb2 13. Bxf5 Bxc3+ 14. Bd2 Nxd1 15. Bxc3 Nxc3 16. Bc2 Nc6 17. Kd2 Nxa2 18. Ba4 O-O-O+ 19. Ke2 Nc3+ 0-1


[Site "https://www.chess.com"]

[Event "Titled Tuesday Blitz August 1 Early 2023"]
[White "Sadykov, Ramil"]
[Black "Rodriguez Santiago, Jaime"]
[WhiteFideId "24113590"]
[BlackFideId "3100898"]
[WhiteElo "2554"]
[BlackElo "2373"]
[Result "1-0"]
[Round "9"]
[TimeControl "180+1"]
[Date "2023.08.01"]
[WhiteClock "0:00:11"]
[BlackClock "0:00:02"]
[Board "119"]

1. d4 Nf6 2. c4 e6 3. Nf3 d5 4. g3 dxc4 5. Bg2 c5 6. O-O Nc6 7. Ne5 Bd7 8. Na3 cxd4 9. Naxc4 Be7 10. Qb3 Qc7 11. Bf4 Nh5 12. Nxc6 Nxf4 13. Nxe7 Nxg2 14. Rac1 Qd8 15. Kxg2 Qxe7 16. Qxb7 O-O 17. Ne5 Rfd8 18. Rc7 Rab8 19. Qxa7 Qd6 20. Nxd7 Qd5+ 21. Kg1 Rxb2 22. Qc5 Qa8 23. Ne5 Rxe2 24. Qe7 Rf8 25. Nxf7 Qe4 26. Nh6+ Kh8 27. Qxg7# 1-0


[Site "https://www.chess.com"]

[Event "Titled Tuesday Blitz August 1 Early 2023"]
[White "Romero Arzuaga, Yudel"]
[Black "Chor, Kevin"]
[WhiteFideId "3521010"]
[BlackFideId "2090740"]
[WhiteElo "2360"]
[BlackElo "2527"]
[Result "0-1"]
[Round "9"]
[TimeControl "180+1"]
[Date "2023.08.01"]
[WhiteClock "0:00:39"]
[BlackClock "0:00:44"]
[Board "120"]

1. d4 Nf6 2. Nf3 g6 3. c4 Bg7 4. Nc3 O-O 5. e4 d6 6. Be2 e5 7. O-O Nc6 8. d5 Ne7 9. b4 Ne8 10. c5 h6 11. Nd2 f5 12. Nc4 fxe4 13. cxd6 Nxd6 14. Nxd6 cxd6 15. Nxe4 Nf5 16. Bb2 Nd4 17. Bxd4 exd4 18. Bg4 Bf5 19. Bxf5 gxf5 20. Ng3 Qg5 21. f4 Qg6 22. Qd3 Rae8 23. Rae1 Rc8 24. Re6 Qf7 25. Rfe1 Rc3 26. Qd1 d3 27. Nh5 d2 28. Rf1 Bd4+ 29. Kh1 Rc1 30. Qf3 Rxf1+ 31. Qxf1 Qxh5 0-1


[Site "https://www.chess.com"]

[Event "Titled Tuesday Blitz August 1 Early 2023"]
[White "Ismagilov, Damir"]
[Black "Van den Dikkenberg, Erik"]
[WhiteFideId "34199982"]
[BlackFideId "1005880"]
[WhiteElo "2523"]
[BlackElo "2356"]
[Result "1-0"]
[Round "9"]
[TimeControl "180+1"]
[Date "2023.08.01"]
[WhiteClock "0:01:43"]
[BlackClock "0:00:32"]
[Board "121"]

1. d4 Nf6 2. c4 g6 3. Nc3 Bg7 4. e4 d6 5. Be2 O-O 6. Nf3 Nbd7 7. O-O e5 8. Be3 Qe7 9. Qc2 c6 10. d5 c5 11. Bg5 h6 12. Bd2 Nh5 13. g3 f5 14. Nh4 Qf6 15. exf5 g5 16. Ng6 Nb6 17. Nxf8 Bxf5 18. Ne4 Bxe4 19. Qxe4 Nf4 20. gxf4 gxf4 21. Ne6 Kh8 22. Kh1 Qh4 23. Rg1 Bf6 24. Bd3 1-0


[Site "https://www.chess.com"]

[Event "Titled Tuesday Blitz August 1 Early 2023"]
[White "Miguelitro69"]
[Black "Vyatkin, Dmitry"]
[BlackFideId "4171900"]
[WhiteElo "2329"]
[BlackElo "2506"]
[Result "0-1"]
[Round "9"]
[TimeControl "180+1"]
[Date "2023.08.01"]
[WhiteClock "0:00:04"]
[BlackClock "0:00:13"]
[Board "122"]

1. e4 e6 2. Qe2 c5 3. Nf3 Nc6 4. g3 g6 5. Bg2 Bg7 6. O-O Nge7 7. c3 O-O 8. Rd1 e5 9. a3 a5 10. a4 d6 11. Na3 Be6 12. d3 h6 13. Be3 Rb8 14. Nb5 f5 15. d4 fxe4 16. Nd2 cxd4 17. cxd4 exd4 18. Bf4 Rxf4 19. gxf4 d5 20. Nb3 Nf5 21. Nc5 Bf7 22. Kh1 Qh4 23. Nd7 Rd8 24. Nc5 Qxf4 25. Nxb7 Rb8 26. Nc5 Be5 27. Kg1 Nh4 28. Kf1 Nxg2 29. Nd7 Ne3+ 30. Ke1 Nxd1 31. Nxe5 Nxe5 32. Kxd1 Nf3 33. Rc1 d3 34. Qe3 Qxh2 35. Qxf3 exf3 36. Kd2 Qxf2+ 37. Kxd3 Qe2+ 38. Kd4 Qe4+ 39. Kc5 Qe3+ 40. Kd6 Qxc1 41. Nc7 Rb7 42. Nxd5 Bxd5 0-1


[Site "https://www.chess.com"]